 Dungeon Crawl Stone Soup version 0.21-a0-583-g2c32b0f (webtiles) character file.

35 Gibyvn the Chopper (level 3, 0/26 HPs)
             Began as a Halfling Berserker on Dec 20, 2017.
             Was a Follower of Trog.
             Slain by an adder (2 damage)
             ... on level 3 of the Dungeon.
             The game lasted 00:02:58 (515 turns).

Gibyvn the Chopper (Halfling Berserker)              Turns: 515, Time: 00:02:59

Health: 0/26       AC:  3    Str: 19    XL:     3   Next: 52%
Magic:  0/3        EV: 15    Int:  5    God:    Trog [*.....]
Gold:   87         SH:  0    Dex: 13    Spells: 2/2 levels left

rFire    . . .     SeeInvis .   a - +0 hand axe
rCold    . . .     Gourm    .   (shield restricted)
rNeg     . . .     Faith    .   b - +1 animal skin
rPois    .         Spirit   +   (no helmet)
rElec    .         Reflect  .   (no cloak)
rCorr    .         Harm     .   (no gloves)
MR       +....                  (no boots)
Stlth    +.........             f - amulet of guardian spirit
HPRegen  0.08/turn              (no ring)
MPRegen  0.08/turn              (no ring)

@: lethally poisoned (0 -> -8)
A: small, magic resistance 1, mutation resistance 1
a: Berserk, Burn Spellbooks, Renounce Religion


You were on level 3 of the Dungeon.
You worshipped Trog.
Trog was aware of your devotion.
You were not hungry.

You visited 1 branch of the dungeon, and saw 3 of its levels.

You collected 87 gold pieces.

Inventory:

Hand Weapons
 a - a +0 hand axe (weapon)
Missiles
 i - 35 stones (quivered)
Armour
 b - a +1 animal skin (worn)
Jewellery
 f - an amulet of guardian spirit (around neck)
Scrolls
 g - 2 scrolls of identify
 k - a scroll of magic mapping {unknown}
Potions
 d - 2 potions of lignification
 e - a potion of flight {unknown}
 j - a potion of heal wounds {unknown}
Comestibles
 c - a ration


   Skills:
 + Level 3.1 Fighting
 + Level 3.6 Axes
 + Level 2.3 Armour
 + Level 2.5 Dodging


You had 2 spell levels left.
You didn't know any spells.

Dungeon Overview and Level Annotations

Branches:
Dungeon (3/15)

Altars:
Ashenzari
Uskayaw


Innate Abilities, Weirdness & Mutations

You are small and have problems with some larger weapons.
You are somewhat resistant to further mutation.
You are resistant to hostile enchantments. (MR+)


Message History

The adder is lightly wounded.
The adder bites you. The adder misses you.
You barely miss the adder.
The adder is lightly wounded.
You feel sick. The adder bites you.
* * * LOW HITPOINT WARNING * * *
You are lethally poisoned!
The adder poisons you!
You closely miss the adder.
The adder is lightly wounded.
* * * LOW HITPOINT WARNING * * *
You feel sick. The adder barely misses you. The adder misses you.
You slash the adder!
The adder is almost dead.
The adder barely misses you.
You hit the adder but do no damage.
The adder is almost dead.
* * * LOW HITPOINT WARNING * * *
You feel sick. The adder bites you.
You die...

.. #. ## ..
.# #. .#
##. .#
##..#.##
#...<..#
#......#
#..S@..#
+.........#
####....#.#
#......#
####.###
#.# #.# #.#


You could see an adder.

Vanquished Creatures
  A gnoll (D:1)
  A dart slug (D:1)
  A leopard gecko (D:1)
  A giant cockroach (D:2)
  2 goblins (D:1)
  4 hobgoblins
  4 kobolds
  2 bats (D:1)
  A frilled lizard (D:1)
  5 rats (D:1)
22 creatures vanquished.

Vanquished Creatures (others)
  A rat (D:1)
1 creature vanquished.

Grand Total: 23 creatures vanquished

Notes
Turn   | Place    | Note
-------+----------+-------------------------------------------
     0 | D:1      | Gibyvn the Halfling Berserker began the quest for the Orb.
     0 | D:1      | Reached XP level 1. HP: 15/15 MP: 1/1
    62 | D:1      | Reached XP level 2. HP: 9/20 MP: 2/2
    64 | D:1      | Gained mutation: You are resistant to hostile enchantments. (MR+) [potion of mutation]
   209 | D:1      | Reached XP level 3. HP: 12/26 MP: 3/3
   463 | D:2      | Found a hide-covered altar of Uskayaw.
   463 | D:2      | Found a shattered altar of Ashenzari.
   515 | D:3      | Slain by an adder

Vault maps used:
D:1:      dpeg_arrival_tiny_d
D:2:      gammafunk_temple_overflow_elements
D:3:      chequers_ecumenical_altar_simple_redux

Skill      XL: |  1  2 |
---------------+-------+-----
Fighting       | 3 |  3.1
Axes           | |  3.6
Armour         | |  2.3
Dodging        | |  2.5

Action                   || total
-------------------------++-------
Melee: Hand axe          ||    61
Invok: Berserk           ||     1
  Use: Potion            ||     1
       Scroll            ||     2
Armor: Animal skin       ||    15
Dodge: Dodged            ||    57

Table legend:
 A = Spawn XP
 B = Non-spawn XP
 C = Spawn XP percentage of total XP
 D = Spawn monster count
 E = Non-spawn monster count
 F = Spawn count percentage of total count
 G = Total turns spent on level
                    A         B        C        D         E        F      G
               +---------+---------+-------+---------+---------+-------+---------
         Total |       0 |      50 |   0.0 |       0 |      23 |   0.0 |   515
               +---------+---------+-------+---------+---------+-------+---------
           D:1 |       0 |      45 |   0.0 |       0 |      20 |   0.0 |   354
           D:2 |       0 |       5 |   0.0 |       0 |       3 |   0.0 |   151
               +---------+---------+-------+---------+---------+-------+---------
